 Dungeon Crawl Stone Soup version 0.22-a0-157-g169b76a (webtiles) character file.

336 poofeast420 the Cutter (level 6, -7/32 HPs)
             Began as a Vine Stalker Fighter on Feb 8, 2018.
             Was a Believer of Lugonu.
             Mangled by a gnoll sergeant
             ... wielding a +0 spear
              (10 damage)
             ... on level 6 of the Dungeon.
             The game lasted 00:03:15 (596 turns).

poofeast420 the Cutter (Vine Stalker Fighter)        Turns: 596, Time: 00:03:15

Health: -7/32      AC:  4    Str: 21    XL:     6   Next: 54%
Magic:  0/7        EV:  8    Int:  8    God:    Lugonu [**....]
Gold:   0          SH:  9    Dex: 13    Spells: 5/5 levels left

rFire    . . .     SeeInvis .   a - +0 rapier
rCold    . . .     Gourm    .   c - +0 shield
rNeg     . . .     Faith    .   d - +0 troll leather armour {Purgy}
rPois    .         Spirit   +   (no helmet)
rElec    .         Reflect  .   (no cloak)
rCorr    +         Harm     .   (no gloves)
MR       .....                  (no boots)
Stlth    +.........             u - amulet of inaccuracy (curse)
HPRegen  0.90/turn              p - ring of resist corrosion
MPRegen  0.10/turn              (no ring)

@: no status effects
A: fangs 2, regeneration 1, magic shield, antimagic bite, no potion heal 3, rot
immunity
a: Depart the Abyss, Bend Space, Renounce Religion


You were on level 6 of the Dungeon.
You worshipped Lugonu.
Lugonu was pleased with you.
You were not hungry.

You visited 1 branch of the dungeon, and saw 6 of its levels.
You also visited: Sewer.

Inventory:

Hand Weapons
 a - a +0 rapier (weapon)
Armour
 b - a +0 scale mail
 c - a +0 shield (worn)
 d - a +0 troll leather armour (worn) {Purgy}
Jewellery
 p - a ring of resist corrosion (left hand)
 u - a cursed amulet of inaccuracy (around neck)
Scrolls
 e - a scroll of immolation {unknown}
 g - 2 scrolls of fog {unknown}
 h - 2 scrolls of magic mapping {unknown}
 i - 3 scrolls of identify {unknown}
 l - a scroll of noise {unknown}
 o - a scroll of enchant weapon {unknown}
 r - 3 scrolls of blinking {unknown}
 t - a scroll of teleportation {unknown}
Potions
 j - 2 potions of lignification {unknown}
 k - 2 potions of curing {unknown}
 m - a potion of cancellation {unknown}
 n - a potion of agility {unknown}
 q - a potion of heal wounds {unknown}
 s - a potion of magic {unknown}
Comestibles
 f - 3 rations


   Skills:
 - Level 2.6 Fighting
 + Level 6.1 Short Blades
 - Level 2.4 Armour
 - Level 2.6 Shields


You had 5 spell levels left.
You didn't know any spells.

Dungeon Overview and Level Annotations

Branches:
Dungeon (6/15)
 Temple: D:4-7

Altars:
Gozag
Zin
Lugonu


Innate Abilities, Weirdness & Mutations

You have extremely sharp teeth.
Your natural rate of healing is unusually fast.
When hurt, damage is shared between your health and your magic reserves.
Your bite disrupts and absorbs the magic of your enemies.
Potions cannot restore your health.
You are immune to rotting.


Message History

The bullfrog barely misses you.
You hit the bullfrog.
The bullfrog is moderately wounded.
You block the bullfrog's attack. The gnoll barely misses you.
The gnoll sergeant barely misses you.
The gnoll hits you from afar with a spear.
* * * LOW HITPOINT WARNING * * *
The bullfrog closely misses you.
You completely miss the bullfrog.
The bullfrog is moderately wounded.
You block the gnoll's attack.
The gnoll sergeant completely misses you.
You block the gnoll's attack.
The bullfrog hits you but does no damage.
You hit the bullfrog but do no damage.
The bullfrog is lightly wounded.
The bullfrog hits you.
* * * LOW HITPOINT WARNING * * *
The gnoll sergeant hits you from afar with a spear!
You die...

#.......#
#....#.###<#
#.......#
######.#
#..#
#.......#
#.# ##...
###.###.####
#g# ### #.
#....#


gg# #. ##g#g### .# #. #Ygg..# ##g##.## #@F5..# ###.#...# .# .# . .# # You could
see an ice beast, a gnoll sergeant, a bullfrog, 4 gnolls and a crimson imp.

Vanquished Creatures
  Purgy (Sewer)
  A centaur (D:5)
  2 howler monkeys
  Natasha (D:2)
  4 adders
  An adder skeleton (D:4)
  2 giant cockroaches (D:5)
  3 goblins
  2 hobgoblins (D:1)
  3 kobolds
  A ball python (Sewer)
  3 bats (D:1)
  5 frilled lizards
  A quokka skeleton (D:5)
  A rat (D:1)
31 creatures vanquished.

Notes
Turn   | Place    | Note
-------+----------+-------------------------------------------
     0 | D:1      | poofeast420 the Vine Stalker Fighter began the quest for the Orb.
     0 | D:1      | Reached XP level 1. HP: 11/11 MP: 2/2
    23 | D:1      | Reached skill level 2 in Short Blades
    77 | D:1      | Reached XP level 2. HP: 12/16 MP: 3/3
   136 | D:2      | Found a faded altar of an unknown god.
   141 | D:2      | Became a worshipper of Lugonu the Unformed
   141 | D:2      | Reached * piety under Lugonu
   141 | D:2      | Reached ** piety under Lugonu
   189 | D:2      | Reached skill level 3 in Short Blades
   189 | D:2      | Reached XP level 3. HP: 12/19 MP: 4/4
   249 | D:2      | Noticed Natasha
   260 | D:2      | Killed Natasha
   299 | D:3      | Found a glowing silver altar of Zin.
   299 | D:3      | Found an opulent altar of Gozag.
   313 | D:3      | Gained mutation: Your natural rate of healing is unusually fast. [Vine Stalker growth]
   313 | D:3      | Reached XP level 4. HP: 2/23 MP: 5/5
   315 | D:3      | You fall through a shaft!
   331 | D:4      | Reached skill level 4 in Short Blades
   377 | D:5      | Entered Level 5 of the Dungeon
   377 | D:5      | Noticed a centaur
   386 | D:5      | Killed a centaur
   386 | D:5      | Reached skill level 5 in Short Blades
   386 | D:5      | Reached XP level 5. HP: 10/27 MP: 1/6
   392 | D:5      | Found a glowing drain.
   404 | Sewer    | Entered a sewer
   447 | Sewer    | Noticed Purgy
   462 | Sewer    | Killed Purgy
   462 | Sewer    | Reached XP level 6. HP: 25/32 MP: 4/7
   507 | D:5      | Reached skill level 6 in Short Blades
   559 | D:6      | Noticed an ice beast
   596 | D:6      | Mangled by a gnoll sergeant

Vault maps used:
D:1:      dpeg_arrival_pond
D:2:      grunt_qazlal_clouds, lemuel_coloured_pillars_altar,
          overflow_temple_1_default, nicolae_ru_path_of_blood,
          chequers_ecumenical_altar_simple, first_ration,
          small_statue_intersection, grunt_dithmenos_smoke,
          uniq_crazy_yiuf_cottage, uniq_natasha
D:3:      minmay_diamond_boxcup, grunt_temple_overflow_gold_and_silver,
          lemuel_old_faithful
D:4:      kennysheep_big_flooded_room, minmay_goblin_kobold_house
D:5:      cheibrodos_sewer_entry_drain
D:6:      fedhas_altar_decomposition, minmay_temple_entry_from_below_a,
          uniq_prince_ribbit1, uniq_menkaure
Sewer:    sewer_co_purgy_island

Skill      XL: |  1  2  3  4  5  6 |
---------------+-------------------+-----
Short Blades   | 2 3 5 6 |  6.1
Fighting       | |  2.6
Armour         | |  2.4
Shields        | |  2.6

Action                   |  1- 3 |  4- 6 || total
-------------------------+-------+-------++-------
Melee: Rapier            |    64 |   102 ||   166
       Bite              |    13 |    29 ||    42
  Use: Potion            |       |     1 ||     1
Armor: Scale mail        |    25 |    35 ||    60
       Troll leather arm |       |    12 ||    12
Dodge: Dodged            |    19 |    31 ||    50
Block: Shield            |    42 |    71 ||   113

Table legend:
 A = Spawn XP
 B = Non-spawn XP
 C = Spawn XP percentage of total XP
 D = Spawn monster count
 E = Non-spawn monster count
 F = Spawn count percentage of total count
 G = Total turns spent on level
                    A         B        C        D         E        F      G
               +---------+---------+-------+---------+---------+-------+---------
         Total |       0 |     480 |   0.0 |       0 |      31 |   0.0 |   596
               +---------+---------+-------+---------+---------+-------+---------
           D:1 |       0 |      14 |   0.0 |       0 |       9 |   0.0 |   136
           D:2 |       0 |      67 |   0.0 |       0 |       6 |   0.0 |   129
           D:3 |       0 |      13 |   0.0 |       0 |       1 |   0.0 |    50
           D:4 |       0 |      61 |   0.0 |       0 |       3 |   0.0 |    62
           D:5 |       0 |     177 |   0.0 |       0 |       5 |   0.0 |    56
         Sewer |       0 |     148 |   0.0 |       0 |       7 |   0.0 |    97
               +---------+---------+-------+---------+---------+-------+---------
